Map: 16 bits EC

Players

MyREroS - Winner!

  • Race: Terran Terran
  • League: Master
  • Spawn Location: 7:00

IA (très facile)

  • Race: Protoss Protoss
  • Spawn Location: 1:00

VOD

Have the link to the VOD?

Description

Time

  • Played on: April 22, 2025, 11:08 a.m.
  • Length: 13:32
Show
View Real Time Build Order
Export as new Build Order

MyREroS Terran - Winner!

Build Orders:  

Get SALT Encoding   

  12  0:00  SCV  
  13  0:13  SCV  
  14  0:23  Supply Depot  
  14  0:25  SCV  
  15  0:44  SCV  
  16  0:50  Barracks  
  16  0:57  Refinery, SCV  
  17  1:11  SCV  
  18  1:24  SCV  
  19  1:42  SCV  
  19  1:44  Marine  
  21  1:54  SCV  
  21  2:00  Supply Depot  
  22  2:02  Marine  
  23  2:17  Command Center  
  23  2:21  Marine, SCV  
  25  2:29  Supply Depot  
  25  2:33  SCV  
  26  2:41  Supply Depot  
  26  2:44  Barracks Reactor  
  26  2:45  SCV  
  26  2:50  Factory  
  27  2:57  SCV  
  28  3:10  SCV  
  29  3:16  Supply Depot  
  29  3:22  Orbital Command  
  29  3:33  SCV  
  30  3:45  SCV  
  31  3:50  SCV  
  31  3:54  Marine x2  
  31  3:55  Command Center, Factory Tech Lab  
  34  3:59  Barracks  
  34  4:03  SCV  
  34  4:06  Orbital Command  
  35  4:15  Marine x2, SCV  
  38  4:19  Siege Tank  
  41  4:27  Supply Depot  
  41  4:32  SCV x2  
  43  4:44  SCV  
  43  4:45  SCV  
  45  4:50  Refinery  
  45  4:55  Engineering Bay  
  45  4:58  Engineering Bay  
  45  5:04  SCV x2  
  47  5:13  Orbital Command  
  47  5:16  SCV x2  
  49  5:22  Siege Tank  
  49  5:28  Barracks Tech Lab, SCV x2  
  54  5:34  Starport  
  54  5:37  Supply Depot  
  54  5:40  SCV  
  55  5:46  SCV  
  55  5:47  SCV  
  57  5:52  SCV  
  58  5:59  SCV x2  
  60  6:08  SCV  
  60  6:11  SCV  
  62  6:13  SCV  
  63  6:20  SCV  
  63  6:23  SCV  
  63  6:25  SCV  
  66  6:31  Refinery x2, Terran Infantry Weapons Level 1  
  66  6:32  Terran Infantry Armor Level 1, Marine  
  66  6:33  Marine x2  
  66  6:35  Siege Tank  
  72  6:42  Starport Reactor  
  72  6:50  Marine, Supply Depot  
  73  6:55  Supply Depot  
  73  6:57  Armory, SCV  
  73  6:58  SCV x2  
  76  7:04  Command Center  
  76  7:09  SCV  
  76  7:10  SCV x2  
  79  7:22  SCV x3  
  82  7:24  Barracks  
  82  7:25  Barracks x2  
  82  7:28  Barracks  
  82  7:34  SCV x3  
  85  7:39  Refinery  
  85  7:44  Refinery  
  85  7:46  SCV x3  
  88  7:56  Supply Depot  
  88  7:58  SCV x3  
  91  8:05  Supply Depot  
  91  8:10  SCV x3  
  94  8:38  Marine x2  
  100  8:45  Barracks Tech Lab  
  100  8:46  Barracks Tech Lab  
  100  8:47  Barracks Reactor  
  97  8:49  Barracks Reactor  
  97  8:55  Medivac x2  
  98  8:59  Thor  
  98  9:01  Marine x3  
  109  9:08  SCV x2  
  109  9:09  SCV  
  112  9:18  Command Center  
  112  9:19  Marine  
  112  9:20  SCV  
  112  9:21  SCV x2  
  116  9:25  Marine x5  
  116  9:26  Marine x3  
  116  9:30  Medivac x2  
  128  9:42  Thor  
  134  9:46  Marine x6  
  134  9:47  Marine x3  
  143  9:53  SCV  
  145  10:03  Marine  
  145  10:04  Planetary Fortress  
  145  10:29  Thor  
  145  10:32  Factory  
  145  10:34  Starport  
  151  10:36  Command Center  
  151  10:41  Barracks  
  151  10:58  Marine x9  
  151  11:00  Medivac  
  162  11:15  Marine  
  163  11:33  Medivac, Marine x9  
  163  11:37  Supply Depot  
  174  11:45  Supply Depot  
  173  11:51  Marine  
  173  11:52  Supply Depot  
  174  11:59  Supply Depot  
  174  12:02  Supply Depot, Command Center  
  174  12:03  Supply Depot, Factory Tech Lab  
  174  12:04  Barracks Tech Lab  
  174  12:08  Starport Reactor  
  174  12:35  Barracks  
  174  12:36  Barracks  
  174  12:37  Marine, Barracks  
  174  12:38  Marine x9  
  174  12:40  Thor x2  
  196  12:55  Marine x4  
  199  13:06  Marine  
Show
View Real Time Build Order
Export as new Build Order

IA (très facile) Protoss 

Build Orders:  

Get SALT Encoding   

  12  0:00  Probe  
  13  0:13  Probe  
  14  0:19  Pylon  
  14  0:36  Assimilator  
  14  0:43  Gateway  
  14  0:47  Pylon  
  14  1:16  Assimilator  
  14  1:17  Probe  
  14  1:25  Probe  
  16  1:33  Cybernetics Core, Probe  
  17  1:44  Probe  
  18  1:55  Probe  
  18  2:00  Warp Gate  
  19  2:04  Probe  
  19  2:08  Stalker  
  22  5:34  Zealot  
  24  5:35  Probe  
  24  5:37  Pylon  
  24  5:39  Robotics Facility  
  25  5:44  Probe  
  26  5:52  Probe  
  27  6:02  Probe  
  27  6:09  Pylon  
  26  6:12  Probe  
  27  6:20  Probe  
  28  6:27  Zealot  
  28  6:29  Observer  
  31  6:47  Observer  
  32  7:13  Nexus  
  32  7:20  Stalker  
  34  8:22  Probe  
  35  8:33  Probe  
  36  8:34  Assimilator  
  36  8:36  Assimilator, Probe  
  37  8:48  Probe  
  38  8:55  Probe  
  39  9:02  Probe  
  40  9:09  Probe  
  41  9:16  Probe  
  42  9:21  Probe  
  43  9:28  Probe  
  44  9:34  Probe  
  45  9:41  Probe  
  46  9:52  Probe  
  47  9:59  Probe  
  48  10:47  Warp Prism  
  48  11:00  Stalker  
  48  11:01  Gateway  
  48  11:03  Robotics Bay  
  52  11:05  Stargate  
  52  11:08  Pylon  
  52  11:17  Observer  
  52  11:23  Warp Prism  
  53  11:39  Stalker  
  51  11:48  Gravitic Boosters  
  51  11:49  Gateway  
  51  12:15  Zealot  
  53  12:34  Gravitic Drive  
  53  12:52  Immortal  
  53  12:55  Probe  
  47  13:02  Probe  
  25  13:10  Probe  
  18  13:17  Probe  
  14  13:20  Stalker  
Tags
 
League
Master
Matchup
PvT
Spawn Locations
Cross Positions
Add a new tag
Caveats
  • Supply blocks, unpowered buildings, or Contaminate may cause inaccurate times.
  • Supply counts are checked every 10 seconds.